[ AOE2 MATCH · #506788431 ]
UnrankedSlavs vs Teutons
Player's team · LOSS
Rival team · WIN
[ REPLAY ANALYSIS · EXTRACTED FROM THE RECORDED GAME ]
Feudal
11:07
Castle
19:37
Imperial
—
| APM avg | 54.2 |
| APM peak | 97 |
| eAPM avg | 28.9 |
| Villagers / military | 71 / 32 |
Focus
⚔️ 40.9% · 🌾 59.1%
Cavalry Archer ×16 · Militia ×4 · Spearman ×4 · Skirmisher ×3 · Knight ×2 · Archer ×1
Feudal
8:50
Castle
19:25
Imperial
—
| APM avg | 78.1 |
| APM peak | 108 |
| eAPM avg | 34.3 |
| Villagers / military | 72 / 29 |
Focus
⚔️ 46.7% · 🌾 53.3%
Skirmisher ×22 · Scout Cavalry ×4 · Knight ×3
Match map
Initial resources + every placement click. Lines = walls · curves = elevation contours. ◆ gold · ⬟ stone · ● berries · ✦ relic · ◌ wall gap
Your base· Open — 4t gap
HR Pinkman's base· Open — unwalled flank
Smoothed initial terrain · ◌ = detected wall gap · hover for details
Inputs per minute
— DGHIR | Feyern - - HR Pinkman
Build order — DGHIR | Feyern
First 150 of 198 actions detected
| 0:00 | Queue | Villager (Male) |
| 0:01 | Build | House |
| 0:02 | Build | House |
| 0:05 | Queue | Villager (Male) |
| 0:14 | Queue | Villager (Male) |
| 0:14 | Queue | Villager (Male) |
| 1:28 | Queue | Villager (Male) |
| 1:59 | Queue | Villager (Male) |
| 2:01 | Build | Lumber Camp |
| 2:30 | Queue | Villager (Male) |
| 2:51 | Queue | Villager (Male) |
| 2:52 | Queue | Villager (Male) |
| 3:14 | Queue | Villager (Male) |
| 3:18 | Queue | Villager (Male) |
| 3:49 | Build | House |
| 3:50 | Build | House |
| 3:59 | Queue | Villager (Male) |
| 4:36 | Queue | Villager (Male) |
| 4:36 | Queue | Villager (Male) |
| 4:51 | Build | Barracks |
| 5:09 | Queue | Villager (Male) |
| 5:17 | Queue | Villager (Male) |
| 5:17 | Queue | Villager (Male) |
| 5:37 | Queue | Militia |
| 5:37 | Queue | Militia |
| 5:41 | Queue | Militia |
| 5:57 | Queue | Militia |
| 6:07 | Build | Palisade Wall |
| 6:15 | Build | Palisade Wall |
| 6:17 | Queue | Villager (Male) |
| 6:32 | Queue | Villager (Male) |
| 6:39 | Build | Mill |
| 6:47 | Queue | Villager (Male) |
| 6:50 | Build | Palisade Wall |
| 6:57 | Queue | Villager (Male) |
| 7:02 | Build | Palisade Wall |
| 7:03 | Build | Palisade Wall |
| 7:16 | Build | Palisade Wall |
| 7:19 | Build | Palisade Wall |
| 7:24 | Queue | Villager (Male) |
| 7:35 | Build | House |
| 7:46 | Build | Palisade Wall |
| 7:51 | Build | Palisade Wall |
| 8:18 | Research | Loom |
| 8:57 | Research | Feudal Age |
| 8:57 | Research | Feudal Age |
| 9:22 | Build | Lumber Camp |
| 9:35 | Build | Palisade Wall |
| 11:07 | Age | Feudal Age |
| 11:09 | Queue | Villager (Male) |
| 11:15 | Queue | Spearman |
| 11:26 | Queue | Villager (Male) |
| 11:35 | Build | Archery Range |
| 11:35 | Queue | Spearman |
| 11:37 | Queue | Villager (Male) |
| 11:40 | Research | Double-Bit Axe |
| 11:40 | Research | Horse Collar |
| 11:40 | Research | Horse Collar |
| 11:42 | Build | Farm |
| 11:49 | Build | Mining Camp |
| 11:51 | Build | Mining Camp |
| 11:53 | Queue | Villager (Male) |
| 11:56 | Build | Farm |
| 11:58 | Build | Farm |
| 12:00 | Build | Farm |
| 12:10 | Build | House |
| 12:16 | Build | Farm |
| 12:21 | Build | Farm |
| 12:28 | Queue | Spearman |
| 12:42 | Queue | Villager (Male) |
| 12:48 | Queue | Villager (Male) |
| 12:50 | Build | Farm |
| 12:52 | Build | Farm |
| 13:09 | Queue | Skirmisher |
| 13:12 | Build | Farm |
| 13:17 | Queue | Skirmisher |
| 13:18 | Queue | Villager (Male) |
| 13:25 | Queue | Villager (Male) |
| 13:29 | Build | Farm |
| 13:33 | Build | House |
| 13:44 | Queue | Skirmisher |
| 13:45 | Queue | Villager (Male) |
| 13:48 | Build | Farm |
| 13:55 | Build | House |
| 13:56 | Build | House |
| 14:00 | Queue | Villager (Male) |
| 14:02 | Queue | Archer |
| 14:13 | Queue | Villager (Male) |
| 14:15 | Build | House |
| 14:18 | Queue | Spearman |
| 14:24 | Build | Farm |
| 14:32 | Queue | Villager (Male) |
| 14:42 | Queue | Villager (Male) |
| 14:45 | Build | House |
| 14:45 | Build | House |
| 14:56 | Build | House |
| 15:04 | Build | House |
| 15:05 | Build | House |
| 15:33 | Build | Blacksmith |
| 15:35 | Queue | Villager (Male) |
| 15:52 | Build | Farm |
| 16:26 | Build | Farm |
| 16:31 | Build | House |
| 16:32 | Build | House |
| 16:44 | Build | House |
| 16:45 | Build | House |
| 16:52 | Build | House |
| 16:53 | Build | House |
| 16:54 | Build | House |
| 16:57 | Research | Castle Age |
| 17:25 | Research | Gold Mining |
| 17:40 | Build | Archery Range |
| 17:41 | Research | Fletching |
| 18:31 | Build | Stable |
| 18:51 | Build | House |
| 18:53 | Build | House |
| 19:06 | Queue | Villager (Male) |
| 19:37 | Age | Castle Age |
| 19:39 | Queue | Cavalry Archer |
| 19:39 | Queue | Cavalry Archer |
| 19:40 | Queue | Villager (Male) |
| 19:42 | Research | Bodkin Arrow |
| 19:58 | Queue | Villager (Male) |
| 20:04 | Queue | Cavalry Archer |
| 20:05 | Queue | Cavalry Archer |
| 20:10 | Queue | Villager (Male) |
| 20:14 | Research | Bloodlines |
| 20:18 | Research | Husbandry |
| 20:18 | Research | Husbandry |
| 20:19 | Research | Bloodlines |
| 20:21 | Queue | Villager (Male) |
| 20:25 | Build | Town Center |
| 20:30 | Research | Bow Saw |
| 20:32 | Queue | Villager (Male) |
| 20:37 | Queue | Villager (Male) |
| 20:43 | Queue | Villager (Male) |
| 20:55 | Queue | Villager (Male) |
| 20:56 | Queue | Villager (Male) |
| 21:07 | Queue | Villager (Male) |
| 21:09 | Queue | Cavalry Archer |
| 21:11 | Queue | Cavalry Archer |
| 21:19 | Queue | Villager (Male) |
| 21:35 | Queue | Villager (Male) |
| 21:36 | Queue | Villager (Male) |
| 21:36 | Queue | Villager (Male) |
| 21:46 | Queue | Villager (Male) |
| 21:49 | Build | Siege Workshop |
| 21:53 | Queue | Villager (Male) |
| 22:02 | Queue | Cavalry Archer |
| 22:02 | Queue | Cavalry Archer |
Build order — HR Pinkman
First 150 of 197 actions detected
| 0:00 | Queue | Villager (Male) |
| 0:00 | Queue | Villager (Male) |
| 0:01 | Build | House |
| 0:02 | Build | House |
| 0:06 | Queue | Villager (Male) |
| 0:07 | Queue | Villager (Male) |
| 0:07 | Queue | Villager (Male) |
| 1:27 | Queue | Villager (Male) |
| 1:27 | Queue | Villager (Male) |
| 1:58 | Build | Lumber Camp |
| 2:01 | Queue | Villager (Male) |
| 2:12 | Queue | Villager (Male) |
| 2:12 | Queue | Villager (Male) |
| 2:46 | Queue | Villager (Male) |
| 2:46 | Queue | Villager (Male) |
| 3:11 | Queue | Villager (Male) |
| 3:12 | Queue | Villager (Male) |
| 3:38 | Queue | Villager (Male) |
| 3:42 | Build | House |
| 3:43 | Build | House |
| 3:45 | Queue | Villager (Male) |
| 3:48 | Build | House |
| 4:22 | Queue | Villager (Male) |
| 4:36 | Queue | Villager (Male) |
| 5:04 | Queue | Villager (Male) |
| 5:18 | Build | Mill |
| 5:21 | Queue | Villager (Male) |
| 5:55 | Research | Loom |
| 6:28 | Research | Feudal Age |
| 7:27 | Build | Palisade Wall |
| 7:28 | Build | Palisade Wall |
| 7:29 | Build | Palisade Wall |
| 7:30 | Build | Palisade Wall |
| 7:31 | Build | Palisade Wall |
| 7:35 | Queue | Villager (Male) |
| 7:39 | Build | Palisade Wall |
| 7:40 | Build | Palisade Wall |
| 7:42 | Build | Palisade Wall |
| 7:46 | Queue | Villager (Male) |
| 7:50 | Build | Barracks |
| 7:53 | Build | Palisade Wall |
| 7:53 | Build | Palisade Wall |
| 7:54 | Build | Palisade Wall |
| 7:54 | Build | Palisade Wall |
| 7:58 | Build | Palisade Wall |
| 8:03 | Build | Palisade Wall |
| 8:03 | Build | Palisade Wall |
| 8:04 | Build | Palisade Wall |
| 8:14 | Queue | Villager (Male) |
| 8:50 | Age | Feudal Age |
| 9:05 | Build | Stable |
| 9:18 | Research | Double-Bit Axe |
| 9:45 | Queue | Scout Cavalry |
| 9:45 | Queue | Scout Cavalry |
| 9:49 | Queue | Villager (Male) |
| 9:56 | Queue | Scout Cavalry |
| 9:59 | Research | Horse Collar |
| 10:02 | Build | Farm |
| 10:09 | Build | House |
| 10:21 | Queue | Scout Cavalry |
| 10:25 | Build | Farm |
| 11:15 | Queue | Villager (Male) |
| 11:17 | Queue | Villager (Male) |
| 11:17 | Queue | Villager (Male) |
| 11:33 | Queue | Villager (Male) |
| 11:34 | Build | Farm |
| 11:35 | Build | Farm |
| 11:35 | Build | Farm |
| 11:47 | Build | House |
| 11:47 | Build | House |
| 11:51 | Build | Farm |
| 11:52 | Build | Farm |
| 12:12 | Queue | Villager (Male) |
| 12:17 | Build | Palisade Wall |
| 12:26 | Queue | Villager (Male) |
| 12:29 | Build | Farm |
| 12:48 | Build | House |
| 13:05 | Build | Archery Range |
| 13:18 | Queue | Villager (Male) |
| 13:31 | Build | Mining Camp |
| 13:34 | Queue | Villager (Male) |
| 13:52 | Build | Palisade Wall |
| 13:58 | Build | Farm |
| 14:01 | Queue | Skirmisher |
| 14:03 | Queue | Skirmisher |
| 14:17 | Build | House |
| 14:18 | Build | Palisade Wall |
| 14:30 | Queue | Skirmisher |
| 14:35 | Queue | Villager (Male) |
| 14:36 | Build | Farm |
| 14:38 | Build | Farm |
| 14:45 | Build | Farm |
| 14:49 | Queue | Skirmisher |
| 15:00 | Queue | Skirmisher |
| 15:05 | Queue | Villager (Male) |
| 15:06 | Build | Farm |
| 15:28 | Queue | Villager (Male) |
| 15:34 | Queue | Villager (Male) |
| 15:36 | Build | Farm |
| 15:38 | Queue | Skirmisher |
| 15:49 | Build | House |
| 16:03 | Queue | Skirmisher |
| 16:20 | Queue | Villager (Male) |
| 16:21 | Build | Farm |
| 16:42 | Research | Castle Age |
| 16:46 | Build | Blacksmith |
| 16:53 | Queue | Skirmisher |
| 17:35 | Research | Fletching |
| 17:36 | Queue | Skirmisher |
| 17:38 | Build | House |
| 17:39 | Build | House |
| 17:40 | Build | House |
| 17:47 | Build | Lumber Camp |
| 17:52 | Build | House |
| 18:04 | Queue | Skirmisher |
| 18:21 | Queue | Skirmisher |
| 18:23 | Queue | Villager (Male) |
| 18:25 | Research | Bloodlines |
| 18:26 | Research | Bloodlines |
| 18:30 | Queue | Skirmisher |
| 18:36 | Research | Padded Archer Armor |
| 18:46 | Queue | Skirmisher |
| 19:21 | Build | House |
| 19:21 | Build | House |
| 19:23 | Build | Palisade Wall |
| 19:25 | Age | Castle Age |
| 19:27 | Research | Bodkin Arrow |
| 19:28 | Research | Elite Skirmisher (upgrade) |
| 19:37 | Queue | Villager (Male) |
| 19:43 | Queue | Villager (Male) |
| 20:06 | Queue | Knight |
| 20:15 | Queue | Villager (Male) |
| 20:18 | Build | Town Center |
| 20:31 | Queue | Knight |
| 20:36 | Queue | Villager (Male) |
| 20:43 | Queue | Villager (Male) |
| 20:45 | Build | Palisade Wall |
| 20:46 | Build | Palisade Wall |
| 21:01 | Queue | Villager (Male) |
| 21:05 | Research | Bow Saw |
| 21:08 | Build | Farm |
| 21:17 | Queue | Knight |
| 21:31 | Queue | Villager (Male) |
| 21:31 | Queue | Villager (Male) |
| 21:33 | Build | Farm |
| 21:43 | Queue | Villager (Male) |
| 21:43 | Queue | Villager (Male) |
| 21:45 | Build | House |
| 22:02 | Queue | Villager (Male) |
| 22:02 | Queue | Villager (Male) |
Match timeline
| 4:51 | DGHIR | Feyern · first_building Barracks |
| 6:07 | DGHIR | Feyern · wall_segment Palisade Wall x8 |
| 6:15 | DGHIR | Feyern · wall_segment Palisade Wall x6 |
| 6:50 | DGHIR | Feyern · wall_segment Palisade Wall x10 |
| 7:02 | DGHIR | Feyern · wall_segment Palisade Wall x2 |
| 7:03 | DGHIR | Feyern · wall_segment Palisade Wall x1 |
| 7:16 | DGHIR | Feyern · wall_segment Palisade Wall x1 |
| 7:19 | DGHIR | Feyern · wall_segment Palisade Wall x1 |
| 7:27 | HR Pinkman · wall_segment Palisade Wall x1 |
| 7:28 | HR Pinkman · wall_segment Palisade Wall x1 |
| 7:29 | HR Pinkman · wall_segment Palisade Wall x1 |
| 7:30 | HR Pinkman · wall_segment Palisade Wall x1 |
| 7:31 | HR Pinkman · wall_segment Palisade Wall x1 |
| 7:39 | HR Pinkman · wall_segment Palisade Wall x1 |
| 7:40 | HR Pinkman · wall_segment Palisade Wall x1 |
| 7:42 | HR Pinkman · wall_segment Palisade Wall x1 |
| 7:46 | DGHIR | Feyern · wall_segment Palisade Wall x16 |
| 7:50 | HR Pinkman · first_building Barracks |
| 7:51 | DGHIR | Feyern · wall_segment Palisade Wall x1 |
| 7:53 | HR Pinkman · wall_segment Palisade Wall x1 |
| 7:53 | HR Pinkman · wall_segment Palisade Wall x1 |
| 7:54 | HR Pinkman · wall_segment Palisade Wall x1 |
| 7:54 | HR Pinkman · wall_segment Palisade Wall x1 |
| 7:58 | HR Pinkman · wall_segment Palisade Wall x1 |
| 8:03 | HR Pinkman · wall_segment Palisade Wall x1 |
| 8:03 | HR Pinkman · wall_segment Palisade Wall x1 |
| 8:04 | HR Pinkman · wall_segment Palisade Wall x1 |
| 8:50 | HR Pinkman · age_up feudal |
| 9:05 | HR Pinkman · first_building Stable |
| 9:35 | DGHIR | Feyern · wall_segment Palisade Wall x2 |
| 11:07 | DGHIR | Feyern · age_up feudal |
| 11:35 | DGHIR | Feyern · first_building Archery Range |
| 12:17 | HR Pinkman · wall_segment Palisade Wall x7 |
| 13:05 | HR Pinkman · first_building Archery Range |
| 13:52 | HR Pinkman · wall_segment Palisade Wall x1 |
| 14:18 | HR Pinkman · wall_segment Palisade Wall x8 |
| 18:31 | DGHIR | Feyern · first_building Stable |
| 19:23 | HR Pinkman · wall_segment Palisade Wall x5 |
| 19:25 | HR Pinkman · age_up castle |
| 19:37 | DGHIR | Feyern · age_up castle |
| 20:45 | HR Pinkman · wall_segment Palisade Wall x1 |
| 20:46 | HR Pinkman · wall_segment Palisade Wall x1 |
| 21:49 | DGHIR | Feyern · first_building Siege Workshop |
| 22:55 | HR Pinkman · wall_segment Palisade Wall x1 |
| 26:17 | DGHIR | Feyern · resign |
[ AI ANALYSIS · 1 CREDIT ]
What really happened in this match?
Wolo.gg analyzes every decision: build order, eco, micro, common mistakes by bracket. Personalized analysis on WhatsApp or Discord in 30 seconds.
Civ guide
Slavs
Perfil
Jugador #4247184